 Dungeon Crawl Stone Soup version 0.26.0-5-gb5863c6483 (webtiles) character file.

Game seed: 15307435186712587211

16 Acheron the Skirmisher (level 2, -2/24 HPs)
             Began as a Demonspawn Abyssal Knight on Jan 10, 2021.
             Was an Initiate of Lugonu.
             Slain by a gnoll
             ... wielding a +0 spear
              (3 damage)
             ... on level 1 of the Dungeon.
             The game lasted 00:03:38 (1103 turns).

Acheron the Skirmisher (Demonspawn Abyssal Knight)  Turns: 1103, Time: 00:03:38

Health: -2/24      AC:  3    Str: 12    XL:     2   Next: 37%
Magic:  0/4        EV: 11    Int: 13    God:    Lugonu [......]
Gold:   41         SH:  0    Dex: 12    Spells: 1/1 levels left

rFire    . . .     SeeInvis .   a - +1 hand axe
rCold    . . .     Faith    .   (no shield)
rNeg     . . .     Spirit   +   b - +0 leather armour
rPois    .         Reflect  .   (no helmet)
rElec    .         Harm     .   (no cloak)
rCorr    .         Rampage  .   (no gloves)
Will     .....                  (no boots)
Stlth    +.........             (no amulet)
HPRegen  0.08/turn              (no ring)
MPRegen  0.09/turn              (no ring)

@: no status effects
A: magic shield
a: Renounce Religion


You were on level 1 of the Dungeon.
You worshipped Lugonu.
Lugonu was noncommittal.
You visited 1 branch of the dungeon, and saw 2 of its levels.
You visited the Abyss 1 time.

You collected 41 gold pieces.

Inventory:

Hand Weapons
 a - a +1 hand axe (weapon)
 h - a +0 short sword
Missiles
 d - 17 stones
 g - 25 sling bullets
Armour
 b - a +0 leather armour (worn)
Scrolls
 f - a scroll of identify {unknown}
 i - a scroll of fear {unknown}
Potions
 c - a potion of brilliance {unknown}
 e - a potion of curing {unknown}


   Skills:
 + Level 3.2 Fighting
 + Level 1.9 Axes
 * Level 1.9 Armour
 * Level 1.1 Dodging
 * Level 0.4 Stealth
 * Level 2.6 Invocations


You had one spell level left.
You didn't know any spells.
Your spell library was empty.

Dungeon Overview and Level Annotations

Branches:
Dungeon (2/15)

Altars:


Innate Abilities, Weirdness & Mutations

When hurt, damage is shared between your health and your magic reserves.


Message History

The gnoll is heavily wounded.
The gnoll hits you with a +0 spear.
You closely miss the gnoll.
The gnoll is heavily wounded.
The gnoll hits you but does no damage. The gnoll hits you with a +0 spear!
You hit the gnoll.
The gnoll is severely wounded.
The gnoll hits you with a +0 spear!
* * * LOW HITPOINT WARNING * * *
Your leather armour prevents you from hitting the gnoll.
The gnoll is heavily wounded.
The gnoll hits you with a +0 spear!
* * * LOW HITPOINT WARNING * * *
You closely miss the gnoll.
The gnoll is heavily wounded.
The gnoll misses you.
You hit the gnoll.
The gnoll is severely wounded.
The gnoll hits you with a +0 spear.
You die...

#...#.###......#
#.#.....#......#
#..............# ##
###...#.#........# #.
#...[.#.##..##################.
#.....+>.......................
#.....#...................)....
#.......######.################
#######).....#@## ##..###..g.#
....###### #...#.#....##
....#..... ####g###.###...#
....b#...). #....#.....#...#
.....#.....
#..###.###.###.###.....######
#.g....# #...#.........#
#..###†###.###.........#
#....#.....#.......###


You could see a gnoll.

Vanquished Creatures
  2 bats (D:1)
  A giant cockroach (D:1)
  2 goblins (D:1)
  2 hobgoblins (D:1)
  3 kobolds (D:1)
  A frilled lizard (D:1)
  3 rats (D:1)
14 creatures vanquished.

Notes
Turn   | Place    | Note
-------+----------+-------------------------------------------
     0 | Abyss:1  | Acheron the Demonspawn Abyssal Knight began the quest for
                  | the Orb.
     0 | Abyss:1  | Reached XP level 1. HP: 18/18 MP: 2/2
    46 | D:1      | Escaped the Abyss
   303 | D:1      | Reached skill level 1 in Dodging
   645 | D:1      | Gained mutation: When hurt, damage is shared between your
                  | health and your magic reserves. [demonic ancestry]
   645 | D:1      | Reached XP level 2. HP: 18/24 MP: 3/3
  1101 | D:1      | HP: 1/24 [gnoll/+0 spear (5)]
  1103 | D:1      | Slain by a gnoll

Illustrated notes

Levels and vault maps discovered:
D:1:      matt_arrival_spirals, layout_basic, minmay_quantized
D:2:      layout_rooms

Skill      XL: |  1 |
---------------+----+-----
Dodging        | 1 |  1.1
Fighting       | |  3.2
Axes           | |  1.9
Armour         | |  1.9
Stealth        | |  0.4
Invocations    | |  2.6

Action                   || total
-------------------------++-------
Melee: Hand axe          ||    55
Invok: Depart the Abyss  ||     1
  Use: Scroll            ||     2
Armor: Leather armour    ||    14
Dodge: Dodged            ||    37
